 Dungeon Crawl Stone Soup version 0.28-a0-706-gf6f64a616a (webtiles) character file.

Game seed: 16788704682541776740

86900 timneilson the Blocker (level 15, -2/95 HPs)
             Began as a Gargoyle Fighter on Oct 24, 2021.
             Was a High Priest of Okawaru.
             Slain by a death knight (6 damage)
             ... summoned by an orange crystal statue
             ... on level 9 of the Dungeon on Oct 25, 2021.
             The game lasted 01:06:18 (22289 turns).

timneilson the Blocker (Gargoyle Fighter)          Turns: 22289, Time: 01:06:18

Health: -2/95      AC: 44    Str: 33      XL:     15   Next: 88%
Magic:  0/22       EV: 13    Int:  4 (9)  God:    Okawaru [*****.]
Gold:   1999       SH:  0    Dex:  9      Spells: 14/14 levels left

rFire   + . .      SeeInvis .   B - +3 double sword (flame)
rCold   + . .      Faith    .   H - +0 kite shield
rNeg    + . .      Spirit   .   E - +2 gold dragon scales
rPois   ∞          Reflect  .   x - +2 hat
rElec   +          Harm     .   e - +1 cloak
rCorr   +          Rampage  .   l - +2 pair of gloves {Str+3}
Will    +....                   c - +1 pair of boots
Stlth   ..........              y - amulet of regeneration
HPRegen 1.25/turn               z - +4 ring of evasion
MPRegen 0.18/turn               F - ring "Kaupihi" {rCorr Str+4}

@: confused, flying, slowed, studying Fighting, very slow
A: sickness immunity, AC +11, big wings, negative energy resistance 1,
electricity resistance, torment resistance 1, petrification resistance
a: Renounce Religion, Heroism, Finesse, Duel


You were on level 9 of the Dungeon.
You worshipped Okawaru.
Okawaru was extremely pleased with you.
You visited 3 branches of the dungeon, and saw 20 of its levels.
You also visited: Ossuary, Bailey, Ice Cave and Volcano.

You collected 1999 gold pieces.

Inventory:

Hand Weapons
 a - a +1 long sword of electrocution
 B - a +3 double sword of flaming (weapon)
Armour
 c - a +1 pair of boots (worn)
 e - a +1 cloak (worn)
 l - a +2 pair of gloves of strength (worn)
 x - a +2 hat (worn)
 E - +2 gold dragon scales (worn)
 H - a +0 kite shield (worn)
Jewellery
 k - a ring of ice
 y - an amulet of regeneration (around neck)
 z - a +4 ring of evasion (left hand)
 F - the ring "Kaupihi" (right hand) {rCorr Str+4}
   (You acquired it on level 10 of the Dungeon)

   [ring of resist corrosion]

   Str:       It affects your strength (+4).
   rCorr:     It protects you from acid and corrosion.
Wands
 g - a wand of polymorph (1)
 w - a wand of iceblast (26)
 A - a wand of acid (20)
 G - a wand of digging (4)
Scrolls
 d - 2 scrolls of blinking
 j - a scroll of amnesia
 m - 8 scrolls of teleportation
 q - 3 scrolls of magic mapping
 u - 2 scrolls of enchant weapon
 D - 10 scrolls of identify
 I - a scroll of fog
 J - a scroll of enchant armour
Potions
 b - 4 potions of attraction
 f - 3 potions of haste
 h - 4 potions of mutation
 i - 4 potions of magic
 n - 6 potions of ambrosia
 o - 2 potions of curing
 p - 2 potions of berserk rage
 r - 2 potions of invisibility
 s - 5 potions of flight
 t - 2 potions of might
 v - 2 potions of cancellation
 C - 2 potions of brilliance


   Skills:
 + Level 11.2 Fighting
 * Level 12.3 Long Blades
 * Level 14.6 Armour
 + Level 7.8 Dodging
 * Level 14.7 Shields
 + Level 9.4 Invocations
 + Level 5.6 Evocations


You had 14 spell levels left.
You didn't know any spells.
Your spell library contained the following spells:

 Spells                   Type           Power      Damage    Failure   Level
 Foxfire                  Conj/Fire      0%         2x1d4     100%        1
 Freeze                   Ice            0%         1d3       100%        1
 Magic Dart               Conj           0%         1d3       100%        1
 Sandblast                Erth           0%         2d4       100%        1
 Shock                    Conj/Air       0%         1d3       100%        1
 Sting                    Tmut/Pois      0%         1d3       100%        1
 Blink                    Tloc           0%         N/A       100%        2
 Passwall                 Tmut/Erth      0%         N/A       100%        2
 Static Discharge         Conj/Air       0%         N/A       100%        2
 Conjure Flame            Conj/Fire      0%         6-21      100%        3
 Frozen Ramparts          Ice            0%         1d2       100%        3
 Inner Flame              Hex/Fire       0%         N/A       100%        3
 Mephitic Cloud           Conj/Pois/Air  0%         N/A       100%        3
 Ozocubu's Armour         Ice            0%         N/A       100%        3
 Portal Projectile        Hex/Tloc       0%         N/A       100%        3
 Stone Arrow              Conj/Erth      0%         3d7       100%        3
 Teleport Other           Tloc           0%         N/A       100%        3
 Flame Wave               Conj/Fire      0%         3d3       100%        4
 Hailstorm                Conj/Ice       0%         3d3       100%        4
 Leda's Liquefaction      Hex/Erth       0%         N/A       100%        4
 Blade Hands              Tmut           0%         N/A       100%        5
 Excruciating Wounds      Necr           0%         N/A       100%        5
 Fireball                 Conj/Fire      0%         3d3       100%        5
 Irradiate                Conj/Tmut      0%         3d13      100%        5
 Lightning Bolt           Conj/Air       0%         1d11      100%        5
 Starburst                Conj/Fire      0%         6d3       100%        6
 Dragon Form              Tmut           0%         N/A       100%        7
 Ozocubu's Refrigeration  Ice            0%         4d5       100%        7
 Ignition                 Fire           0%         3d3       100%        8
 Lehudib's Crystal Spear  Conj/Erth      0%         10d2      100%        8
 Maxwell's Capacitive Co  Air            0%         ∞         100%        8
 Call Imp                 Summ           Unusable   N/A       N/A         2
 Call Canine Familiar     Summ           Unusable   N/A       N/A         3
 Animate Armour           Summ/Erth      Unusable   N/A       N/A         4
 Statue Form              Tmut/Erth      Unusable   N/A       N/A         6

Dungeon Overview and Level Annotations

Branches:
Dungeon (13/15)            Temple (1/1) D:5            Lair (6/6) D:9
 Shoals (0/4) Lair:3       Spider (0/4) Lair:2        Slime (0/5) Lair:5
    Orc (0/2) D:12         Vaults (0/5) D:13        Ossuary (visited)
 Bailey (visited)           IceCv (visited)         Volcano (visited)

Altars:
Ashenzari
Cheibriados
Elyvilon
Gozag
Hepliaklqana
Kikubaaqudgha
Makhleb
Nemelex Xobeh
Okawaru
Qazlal
Ru
Sif Muna
Trog
Uskayaw
Vehumet
Wu Jian
Xom
Yredelemnul
The Shining One
Jiyva

Shops:
D:4 ?:   D:6 (!*   D:7 [

Annotations:
D:9 1 runed translucent door, exclusion: 3 orange crystal statues
D:10 exclusion: orange crystal statue


Innate Abilities, Weirdness & Mutations

You are immune to sickness and miasma.
Your stone body is resilient. (AC +11)
You are immune to poison.
Your large and strong wings let you fly.
You resist negative energy. (rN+)
You are resistant to electric shocks. (rElec)
You are resistant to unholy torment.
You are immune to petrification.


Message History

The orange crystal statue fixes its piercing gaze on you. x2
The gnoll sergeant hits you but does no damage.
The cyclops hits you but does no damage.
The killer bee stings you but does no damage.
The wraith hits you.
* * * LOW HITPOINT WARNING * * *
You bump into the stone wall.
Your hands slow down.
The killer bee closely misses you. The gnoll barely misses you.
The death knight hits you but does no damage.
The killer bee stings you but does no damage.
The orange crystal statue glitters topaz in the dim dungeon light.
The orange crystal statue fixes its piercing gaze on you.
You feel your power leaking away.
The orange crystal statue fixes its piercing gaze on you. x2
The gnoll sergeant closely misses you. The wraith hits you but does no damage.
The death knight hits you but does no damage.
The gnoll misses you. The cyclops hits you!
* * * LOW HITPOINT WARNING * * *
The killer bee misses you.
The orange crystal statue fixes its piercing gaze on you.
You feel dopey. Something feeds on your intellect!
You slash the killer bee! You burn the killer bee!
You kill the killer bee!
The killer bee's corpse dissolves into shadows!
You feel like a meek peon again. The gnoll sergeant closely misses you.
The wraith closely misses you.
The gnoll hits you from afar with a +0 spear.
* * * LOW HITPOINT WARNING * * *
The death knight hits you but does no damage.
The cyclops closely misses you.
The orange crystal statue fixes its piercing gaze on you.
The gnoll sergeant closely misses you.
You bump into the runed translucent door.
The death knight's dark mirror aura disappears.
The orc hits you but does no damage. The wraith barely misses you.
The gnoll hits you but does no damage.
The death knight hits you with a +0 great mace.
You die...

######## #######......#
#....[.......# #########
#.#########..#
........######.#8gg....#..#
........'<.....#C#Wy.#.#..#
........######.#@poy...#..#######
........# #.+WWoZ...'.........
........# #.#Wogo...#.########
######### #.#.#oZ.#.#.# .##.##
#.#8.....8#.# ##.#.#
#.#########.# #.####
#...........# .##.# #.####..###.#
.##.# ##.####)###..#


You could see a death knight (summoned), 3 orange crystal statues, a cyclops
(summoned), 2 freezing wraiths, 2 wraiths, an orc warrior (summoned), a gnoll
sergeant (summoned), 2 killer bees, an orc priest (summoned), a gnoll
(summoned), 3 orcs and 2 centaur zombies.

Vanquished Creatures
  A reaper (IceCv)
  Nessos (Lair:4)
  Snorg (Lair:4)
  A vault guard (D:13)
  4 boulder beetles
  6 hydras
  2 two-headed ogres (D:12)
  2 centaur warriors (D:13)
  2 death knights (D:13)
  A hell hog (Volcano)
  A fire crab (Volcano)
  5 skeletal warriors (D:11)
  A swamp dragon (Lair:6)
  An orange crystal statue (D:9)
  A phantasmal warrior (D:13)
  An oklob plant (Lair:6)
  3 lindwurms
  A deep elf pyromancer (D:13)
  An orc sorcerer (Bailey)
  3 ugly things (D:13)
  5 orc knights (Bailey)
  4 cyclopes
  A manticore (D:13)
  6 black mambas
  An ice statue (IceCv)
  4 elephants
  2 molten gargoyles (Volcano)
  A torpor snail (Lair:2)
  A cane toad (shapeshifter) (D:12)
  2 kobold demonologists
  16 komodo dragons
  4 rime drakes
  20 cane toads
  An unseen horror (D:13)
  Maggie (Lair:2)
  An anaconda simulacrum (IceCv)
  A freezing wraith (D:13)
  2 entropy weaver simulacra (IceCv)
  An ice devil (IceCv)
  2 queen bees
  3 trolls
  9 hornets
  5 meliai (Lair:2)
  Prince Ribbit (D:9)
  9 dream sheep
  4 polar bears
  6 slime creatures
  A snapping turtle (shapeshifter) (D:13)
  A meliai zombie (D:11)
  17 blink frogs
  14 spriggans (Lair:6)
  A snapping turtle (Lair:3)
  4 wyverns
  7 wraiths
  2 shadows
  4 water elementals
  62 yaks
  A vampire (D:13)
  3 death yak simulacra (IceCv)
  10 basilisks
  11 vampire mosquitoes
  2 steam dragons
  2 harpy simulacra (IceCv)
  3 hell hounds (Volcano)
  23 water moccasins
  3 acid dragons (D:11)
  2 swamp drakes (Lair:6)
  7 orc warriors
  An ice beast (D:6)
  5 black bears
  2 necrophages
  3 centaurs
  3 boggarts (Lair:6)
  A phantom (D:5)
  43 wolves
  A kobold brigand (D:8)
  4 two-headed ogre simulacra (IceCv)
  13 bullfrogs
  2 cane toad simulacra (IceCv)
  8 scorpions
  2 elephant simulacra (IceCv)
  49 killer bees
  A vampire bat (D:5)
  5 lava snakes (Volcano)
  15 electric eels
  6 howler monkeys
  3 centaur zombies
  8 hounds
  3 jellies
  A gnoll shaman (D:7)
  8 orc priests
  Crazy Yiuf (D:6)
  2 iguanas
  Terence (D:2)
  9 orc wizards
  A hell rat (Lair:2)
  7 spriggan simulacra (IceCv)
  5 troll simulacra (IceCv)
  2 polar bear simulacra (IceCv)
  2 wolf simulacra (IceCv)
  2 hound skeletons
  A mummy (Ossuary)
  Robin (D:2)
  6 gnolls
  A howler monkey skeleton (D:6)
  5 naga simulacra (IceCv)
  8 adders
  11 white imps
  2 ufetubi
  5 adder skeletons (D:4)
  A worm (Lair:2)
  2 dart slugs
  5 fire bats
  61 orcs
  A spectral bat (D:5)
  10 ball pythons
  2 bat skeletons (D:5)
  A bat zombie (D:5)
  10 endoplasms
  7 giant cockroaches
  25 goblins
  18 hobgoblins
  6 quokkas
  14 bats
  A bat simulacrum (D:5)
  2 frilled lizards (D:1)
  10 gnoll skeletons (Ossuary)
  7 kobolds
  8 kobold skeletons (Ossuary)
  7 orc skeletons (Ossuary)
  5 rats
794 creatures vanquished.

Vanquished Creatures (others)
  A yak (Lair:6)
  A wolf (Lair:6)
  2 killer bees (Lair:2)
  A howler monkey (D:11)
  A spectral bat (D:5)
  A bat skeleton (D:5)
  26 fungi
  50 plants
83 creatures vanquished.

Grand Total: 877 creatures vanquished

Notes
Turn   | Place    | Note
-------+----------+-------------------------------------------
     0 | D:1      | timneilson the Gargoyle Fighter began the quest for the
                  | Orb.
     0 | D:1      | Reached XP level 1. HP: 14/14 MP: 1/1
   181 | D:1      | Found a faded altar of an unknown god.
   197 | D:1      | Got Plato's Tome of Feathers
   332 | D:1      | Reached XP level 2. HP: 14/19 MP: 2/2
   738 | D:1      | Reached XP level 3. HP: 23/23 MP: 3/3
  1534 | D:2      | Noticed Terence
  1551 | D:2      | HP: 1/23 [Terence (1)]
  1552 | D:2      | Killed Terence
  1553 | D:2      | Reached XP level 4. HP: 1/28 MP: 4/4
  2141 | D:2      | Noticed Robin
  2154 | D:2      | Killed Robin
  2740 | D:3      | Reached XP level 5. HP: 23/33 MP: 5/5
  3077 | D:3      | Reached skill level 1 in Dodging
  4003 | D:4      | Reached XP level 6. HP: 20/38 MP: 6/6
  4241 | D:4      | Found Zaenymor's Magic Scroll Shop.
  4249 | D:4      | Found Enaisi's Book Shoppe.
  4294 | D:4      | Found Dawaroxt's Weapon Shoppe.
  4316 | D:4      | Noticed a water moccasin
  4325 | D:4      | Killed a water moccasin
  4326 | D:4      | Reached skill level 5 in Armour
  4337 | D:4      | Reached skill level 5 in Shields
  4337 | D:4      | Reached XP level 7. HP: 35/43 MP: 7/7
  4949 | D:5      | Entered Level 5 of the Dungeon
  5033 | D:5      | Found a staircase to the Ecumenical Temple.
  5039 | Temple   | Entered the Ecumenical Temple
  5074 | Temple   | Became a worshipper of Warmaster Okawaru
  5185 | D:5      | Found a sand-covered staircase.
  5190 | Ossuary  | Entered an ossuary
  5190 | Ossuary  | Noticed a wraith
  5190 | Ossuary  | Noticed a wraith
  5190 | Ossuary  | Noticed a wraith
  5336 | Ossuary  | Noticed a wraith
  5370 | Ossuary  | Killed a wraith
  5633 | D:5      | Reached * piety under Okawaru
  5729 | D:5      | Reached XP level 8. HP: 38/48 MP: 8/8
  6225 | D:5      | Reached ** piety under Okawaru
  6242 | D:5      | Reached skill level 5 in Fighting
  6454 | D:6      | Reached skill level 5 in Long Blades
  6589 | D:6      | Found Fupsei Dofi's Distillery.
  6684 | D:6      | Found Locuvuotem's Assorted Antiques.
  6718 | D:6      | Found Deubag's Weapon Boutique.
  7013 | D:6      | Found a runed translucent door.
  7014 | D:6      | Noticed Crazy Yiuf
  7020 | D:6      | Killed Crazy Yiuf
  7021 | D:6      | Reached XP level 9. HP: 45/54 MP: 9/9
  7209 | D:7      | Reached skill level 1 in Invocations
  7465 | D:7      | Reached *** piety under Okawaru
  7622 | D:7      | Found Wilasari's Armour Shoppe.
  7703 | D:7      | Found a shimmering blue altar of Sif Muna.
  8301 | D:8      | Noticed a boulder beetle
  8331 | D:8      | Killed a boulder beetle
  8332 | D:8      | Reached XP level 10. HP: 48/60 MP: 9/12
  8424 | D:8      | Reached **** piety under Okawaru
  8464 | D:8      | Found a flagged portal.
  8473 | Bailey   | Entered a bailey
  8694 | Bailey   | Found an iron altar of Okawaru.
  8694 | Bailey   | Noticed an orc knight
  8694 | Bailey   | Noticed an orc sorcerer
  8694 | Bailey   | Noticed a kobold demonologist
  8727 | Bailey   | Noticed a rust devil
  8731 | Bailey   | Killed an orc sorcerer
  8756 | Bailey   | Killed an orc knight
  8764 | Bailey   | Killed a kobold demonologist
  8782 | Bailey   | Noticed an orc knight
  8818 | Bailey   | Killed an orc knight
  8941 | Bailey   | Noticed an orc knight
  8972 | Bailey   | Noticed an orc knight
  8974 | Bailey   | Killed an orc knight
  9019 | Bailey   | Killed an orc knight
  9020 | Bailey   | Reached XP level 11. HP: 51/67 MP: 4/14
  9103 | Bailey   | Found the +9 staff of Wucad Mu {*channel}
  9352 | Bailey   | Noticed an orc knight
  9376 | Bailey   | Killed an orc knight
  9395 | Bailey   | Acquired a +0 crystal plate armour
  9824 | D:9      | Found a staircase to the Lair.
  9977 | D:9      | Found a runed translucent door.
  9983 | D:9      | Found the +10 tower shield of Ignorance {rN+ Int-4}
 10023 | D:9      | Found a runed translucent door.
 10023 | D:9      | Noticed an orange crystal statue
 10079 | D:9      | Noticed Prince Ribbit
 10101 | D:9      | Killed Prince Ribbit
 10175 | D:9      | Reached skill level 10 in Armour
 10289 | D:9      | Reached ***** piety under Okawaru
 10386 | D:9      | Reached skill level 10 in Shields
 10629 | D:10     | Entered Level 10 of the Dungeon
 10629 | D:10     | Noticed an orange crystal statue
 10693 | D:10     | Reached skill level 5 in Invocations
 10715 | D:9      | Acquired a +3 double sword of flaming
 11159 | D:10     | Reached skill level 5 in Dodging
 11584 | D:10     | Acquired the ring "Kaupihi" {rCorr Str+4}
 11722 | D:11     | Received a gift from Okawaru
 11811 | D:11     | Reached XP level 12. HP: 66/73 MP: 16/16
 12277 | D:11     | Found an iron altar of Okawaru.
 12575 | D:12     | Found a staircase to the Orcish Mines.
 12668 | D:12     | Noticed a two-headed ogre
 12675 | D:12     | Killed a two-headed ogre
 12790 | D:12     | Noticed an eight-headed hydra
 12802 | D:12     | Killed a five-headed hydra
 12803 | D:12     | Reached skill level 1 in Evocations
 12864 | D:12     | Noticed a two-headed ogre
 12871 | D:12     | Killed a two-headed ogre
 13116 | D:12     | Reached ****** piety under Okawaru
 13241 | D:12     | Noticed a boulder beetle
 13250 | D:12     | Identified the +4 falchion of Generosity {vorpal, rElec
                  | rF+} (Okawaru gifted it to you on level 12 of the Dungeon)
 13250 | D:12     | Received a gift from Okawaru
 13255 | D:12     | Killed a boulder beetle
 13256 | D:12     | Reached XP level 13. HP: 73/79 MP: 15/17
 13555 | D:13     | Reached skill level 10 in Long Blades
 13795 | D:13     | Noticed a vault guard
 13802 | D:13     | Killed a vault guard
 13820 | D:13     | Received a gift from Okawaru
 13839 | D:13     | Found a gate to the Vaults.
 14273 | Lair:1   | Entered Level 1 of the Lair of Beasts
 14318 | Lair:1   | Found a dark tunnel.
 14333 | Volcano  | Entered a volcano
 14597 | Volcano  | Found a burning altar of Makhleb.
 15371 | Lair:1   | Gained mutation: Your large and strong wings let you fly.
                  | [Gargoyle growth]
 15371 | Lair:1   | Reached XP level 14. HP: 74/86 MP: 19/19
 15982 | Lair:2   | Found a hole to the Spider Nest.
 16264 | Lair:2   | You are sucked into a shaft and drop 2 floors!
 16271 | Lair:4   | Noticed Nessos
 16321 | Lair:3   | Received a gift from Okawaru
 16432 | Lair:3   | Found a frozen archway.
 16438 | IceCv    | Entered an ice cave
 16905 | IceCv    | Noticed a reaper
 16924 | IceCv    | Killed a reaper
 17135 | Lair:3   | Found a staircase to the Shoals.
 17406 | Lair:2   | Got the Catalogue of Mutagenic Translocation
 17420 | Lair:2   | Noticed Maggie
 17431 | Lair:2   | Killed Maggie
 17975 | Lair:2   | Identified the +8 dagger "Starlight" {pain, Str+4 Dex+3}
 18091 | Lair:3   | Reached skill level 10 in Fighting
 18405 | Lair:3   | Received a gift from Okawaru
 18406 | Lair:3   | Reached XP level 15. HP: 71/92 MP: 21/21
 18747 | Lair:3   | Acquired a manual of Fighting
 18794 | Lair:4   | Killed Nessos
 19132 | Lair:4   | Reached skill level 5 in Evocations
 19167 | Lair:4   | Noticed Snorg
 19178 | Lair:4   | Killed Snorg
 20181 | Lair:5   | Identified the +0 robe of Generosity {-Tele Dex+2 SInv}
 20803 | Lair:5   | Found a runed translucent door.
 20803 | Lair:5   | Found a viscous altar of Jiyva.
 20804 | Lair:5   | Found a staircase to the Slime Pits.
 20843 | Lair:6   | Entered Level 6 of the Lair of Beasts
 20940 | Lair:6   | Identified the +10 lajatang of Fiekh {spect, rF+ Dex+4}
                  | (Okawaru gifted it to you on level 6 of the Lair of Beasts)
 20940 | Lair:6   | Received a gift from Okawaru
 21297 | Lair:6   | Received a gift from Okawaru
 21891 | Lair:6   | Identified the +9 falchion of Qeats {pain, rPois}
 22287 | D:9      | HP: 3/95 [cyclops[an orange crystal statue] (12)]
 22289 | D:9      | Slain by a death knight

Illustrated notes

Levels and vault maps discovered:
D:1:      dpeg_arrival_three_same_balls, layout_basic,
          shapermc_ecumenical_altar_rom_forum, hangedman_abyss_or_decor_stabs
D:2:      layout_loops_ring, uniq_robin, uniq_terence
D:3:      layout_basic
D:4:      layout_basic, serial_shops, shop, shop_statue, nicolae_shop_stone,
          mrwooster_statue_mirror
D:5:      layout_loops_ring, temple_statues, enter_ossuary_2, goddamned_bats
D:6:      layout_rooms, serial_shops, shop, shop, nicolae_shop_behind_doors,
          uniq_crazy_yiuf_cottage
D:7:      layout_basic, kennysheep_orc_sif_temple, serial_shops, shop
D:8:      layout_cave_pools, enter_bailey_2, nrook_mini_backslash,
          chequers_serial_rivers_room_b
D:9:      layout_roguey, lair_entry_dummy, amethyst_killhole,
          chequers_guarded_unrand_ignorance, uniq_prince_ribbit1
D:10:     layout_basic, minmay_statue_bubble
D:11:     layout_basic, kennysheep_okawaru_gauntlet
D:12:     layout_basic, hiddenorc2_lemuel, item_on_display_a
D:13:     layout_small_grid, david_vaults_5, serial_glass, glass_columns_a,
          glass_columns_a, glass_columns_b, glass_columns_a, glass_columns_a,
          glass_columns_b, glass_columns_b, glass_columns_a
Temple:   kilobyte_greek_temple
Lair:1:   layout_roguey [special_room_bee], enter_volcano_4, grunt_megastairs_1
Lair:2:   regret_index_combs_of_tragedy, layout_regular_city,
          nicolae_spider_entry_non_spiders, grunt_megastairs_4, uniq_maggie
Lair:3:   cheibrodos_lair_overgrown_chateau, layout_cave_pods,
          minmay_shoals_entry_hut, portal_ice_cave_entry_pillars_2,
          minmay_hedge_maze, minmay_holes, beast_lair_carwin_3
Lair:4:   layout_cave_pods, serial_rivers, chequers_serial_rivers_small_a,
          chequers_serial_rivers_marsh, chequers_serial_rivers_room_b,
          chequers_serial_rivers_micro_a, chequers_serial_rivers_small_b,
          chequers_serial_rivers_micro_c, serial_bayou_shore_a, uniq_nessos,
          uniq_snorg
Lair:5:   layout_big_grid, slime_altar_2, st_stairs_4
Lair:6:   minmay_lair_end_enchanted_forest, layout_gridlike, st_stairs_11, pond

Skill      XL: |  1  2  3  4  5  6  7  8  9 10 11 12 13 14 15 |
---------------+----------------------------------------------+-----
Long Blades    | 2 3 4 5 6 7 8 9 10 11 12 | 12.3
Armour         | 4 5 7 8 9 10 11 12 13 14 | 14.6
Shields        | 4 5 6 8 9 10 11 12 13 14 | 14.7
Dodging        | 1 2 3 4 5 6 7 |  7.8
Fighting       | 4 5 6 7 8 9 10 11 | 11.2
Invocations    | 2 4 5 6 7 8 9 |  9.4
Evocations     | 1 3 4 5 |  5.6

Action                   |  1- 3 |  4- 6 |  7- 9 | 10-12 | 13-15 || total
-------------------------+-------+-------+-------+-------+-------++-------
Melee: Long sword        |   108 |   227 |   503 |   583 |       ||  1421
       Double sword      |       |       |       |   369 |  1475 ||  1844
Invok: Heroism           |       |       |     3 |    18 |    16 ||    37
       Finesse           |       |       |       |     6 |     6 ||    12
Evoke: Wand              |       |       |       |     3 |     9 ||    12
  Use: Scroll            |     4 |     7 |     7 |     9 |     8 ||    35
       Potion            |       |     3 |     3 |     6 |     3 ||    15
 Stab: Confused          |       |       |       |       |     3 ||     3
Armor: Scale mail        |    62 |    47 |       |       |       ||   109
       Chain mail        |       |    90 |   328 |   105 |       ||   523
       Skin              |       |       |     6 |       |       ||     6
       Plate armour      |       |       |       |   335 |   118 ||   453
       Gold dragon scale |       |       |       |       |   810 ||   810
Dodge: Dodged            |    70 |    77 |   250 |   409 |   787 ||  1593
Block: Buckler           |    27 |    45 |   132 |   213 |       ||   417
       Kite shield       |       |       |       |    81 |  1032 ||  1113

Table legend: (Time is in decaauts)
 A = Elapsed time spent in this place.
 B = Non-inter-level travel time spent in this place.
 C = Inter-level travel time spent in this place.
 D = Time resting spent in this place.
 E = Time spent auto-exploring this place.
 F = Levels seen in this place.
 G = Mean time per level.
                   A        B        C        D        E       F      G
               +--------+--------+--------+--------+--------+-----+--------+
         Total |  22199 |  21089 |   1110 |    433 |  13480 |  24 |  925.0 |
       Dungeon |  13248 |  12634 |    614 |    281 |   8624 |  13 | 1019.1 |
        Temple |     69 |     36 |     33 |      0 |      0 |   1 |   69.0 |
          Lair |   6455 |   5992 |    463 |      0 |   4043 |   6 | 1075.8 |
       Ossuary |    416 |    416 |      0 |     31 |    135 |   1 |  416.0 |
        Bailey |    847 |    847 |      0 |     80 |    178 |   1 |  847.0 |
      Ice Cave |    544 |    544 |      0 |     27 |    229 |   1 |  544.0 |
       Volcano |    618 |    618 |      0 |     14 |    271 |   1 |  618.0 |
               +--------+--------+--------+--------+--------+-----+--------+

Top non-repeatable levels by time:
     D:4: 1642 daAuts
     D:1: 1540 daAuts
     D:7: 1208 daAuts
  Lair:2: 1203 daAuts
  Lair:6: 1182 daAuts
  Lair:3: 1155 daAuts
     D:2: 1108 daAuts
  Lair:1: 1084 daAuts
  Lair:4: 1067 daAuts
    D:10: 1045 daAuts
     D:5: 1023 daAuts
    D:12: 979 daAuts
     D:9: 959 daAuts
    D:11: 862 daAuts
  Bailey: 847 daAuts
